 Dungeon Crawl Stone Soup version 0.20.1-1-g8b1a95d (webtiles) character file.

3976 Firecrotchwizard the Grappler (level 10, -2/98 HPs)
             Began as a Troll Monk on Nov 26, 2017.
             Was a High Priest of Makhleb.
             Splashed by a centaur's acid (11 damage)
             ... on level 7 of the Dungeon.
             The game lasted 00:17:09 (7316 turns).

Firecrotchwizard the Grappler (Troll Monk)          Turns: 7316, Time: 00:17:10

Health: -2/98      AC:  2    Str: 21    XL:     10   Next: 2%
Magic:  15/15      EV:  7    Int:  6    God:    Makhleb [*****.]
Gold:   707        SH: 15    Dex: 15    Spells: 9/9 levels left

rFire    . . .     SeeInvis .     - Unarmed
rCold    + . .     Gourm    +   t - +0 large shield
rNeg     . . .     Faith    .   n - +2 robe {MR+}
rPois    .         Spirit   .   (helmet restricted)
rElec    .         Reflect  .   (no cloak)
rCorr    .         Harm     .   (gloves unavailable)
MR       +....                  (boots unavailable)
Stlth    ++........             (no amulet)
Regen    0.7/turn               p - +3 ring of protection
MPRegen  0.2/turn               y - ring of protection from cold {rC+, !d}

@: corroded
A: unfitting armour, claws 3, fast metabolism 3, gourmand, regeneration 1,
shaggy fur 1, tough skin 2
a: Minor Destruction, Lesser Servant of Makhleb, Major Destruction, Greater
Servant of Makhleb, Renounce Religion


You were on level 7 of the Dungeon.
You worshipped Makhleb.
Makhleb was extremely pleased with you.
You were completely stuffed.

You visited 1 branch of the dungeon, and saw 8 of its levels.
You also visited: Sewer.

You collected 707 gold pieces.

Inventory:

Armour
 n - a +2 robe of magic resistance (worn)
   (You took it off Jessica on level 2 of the Dungeon)
 t - a +0 large shield (worn)
   (You took it off a gnoll on level 3 of the Dungeon)
Jewellery
 p - a +3 ring of protection (left claw)
   (You found it on level 2 of the Dungeon)
 y - a ring of protection from cold (right claw) {rC+, !d}
   (You found it on level 3 of the Dungeon)
Wands
 a - a wand of iceblast (6/15)
   (You found it on level 6 of the Dungeon)
Scrolls
 d - a scroll of amnesia
 e - a scroll of remove curse
 h - 3 scrolls of teleportation
 i - a scroll of immolation {!r}
 j - 3 scrolls of identify
 k - 2 scrolls of recharging {unknown}
 w - 2 scrolls of blinking {!r}
 C - 2 scrolls of torment {unknown}
 E - a scroll of random uselessness {unknown}
Potions
 c - a potion of mutation {unknown}
 f - 3 potions of magic {unknown}
 g - a potion of haste {unknown}
 l - a potion of invisibility {unknown}
 q - 5 potions of curing
 r - 3 potions of agility {unknown}
 u - a potion of lignification {unknown}
 v - 5 potions of flight
 x - a potion of might
 z - a potion of degeneration {unknown}
 A - 3 potions of heal wounds {unknown}
 D - a potion of ambrosia {unknown}
Miscellaneous
 F - a sack of spiders
Comestibles
 b - 6 bread rations {@e1}
 m - 4 meat rations {@e2}
 o - 3 royal jellies
 s - 13 fruits
 B - 7 chunks of flesh {@w0}


   Skills:
 + Level 5.8 Fighting
 - Level 2.4 Dodging
 - Level 1.0 Stealth
 + Level 4.9 Shields
 - Level 8.0 Unarmed Combat
 * Level 8.0 Invocations


You had 9 spell levels left.
You didn't know any spells.

Dungeon Overview and Level Annotations

Branches:
Dungeon (8/15)             Temple (0/1) D:7
   Lair: D:8-11

Altars:
Fedhas
Gozag
Kikubaaqudgha
Makhleb
Nemelex Xobeh
Ru
Sif Muna
Uskayaw
Vehumet
Zin

Annotations:
D:5 Grinder


Innate Abilities, Weirdness & Mutations

You are too large for most types of armour.
You have claws for hands.
Your metabolism is lightning-fast.
You like to eat raw meat.
Your natural rate of healing is unusually fast.
You are covered in fur. (AC +1)
You have very tough skin. (AC +2)


Message History

No target in view!
You found a teleport trap!
Found a stone staircase leading down.
A kobold comes into view. It is wielding a club.
The kobold shouts!
A kobold is nearby!
An ogre comes into view. It is wielding a giant spiked club.
The ogre shouts!
A gnoll comes into view.
You barely miss the ogre. The ogre closely misses you.
You barely miss the ogre.
The ogre hits you with a giant spiked club.
You take 6 damage, and have 83/89 hp.
You claw the ogre! You completely miss the ogre.
The ogre hits you with a giant spiked club!
You take 8 damage, and have 75/89 hp.
You barely miss the ogre. You scratch the ogre. You block the ogre's attack.
You claw the ogre!
You kill the ogre!
Makhleb accepts your kill.
Your Invocations skill increases to level 8!
You have reached level 10!
You regained 8 hp, and now have 84/98 hp.
You mangle the gnoll!!
You kill the gnoll!
Makhleb accepts your kill.
You feel better.
You regained 3 hp, and now have 87/98 hp.
Things that are here:
a giant spiked club; a gnoll corpse; an ogre corpse You butcher the gnoll corpse.
B - 3 chunks of flesh {@w0}
Things that are here:
a giant spiked club; an ogre corpse You butcher the ogre corpse.
B - 8 chunks of flesh {@w0} (gained 5)
You see here a giant spiked club.
Eating one of 8 chunks of flesh {@w0}.
You eat one of the 8 chunks of flesh {@w0}.
This raw flesh tastes great.
You now have 707 gold pieces (gained 11).
The hound barks!
The gnoll shouts!
The orc priest shouts!
A hound comes into view.
The hound bites the plant.
Health restored: 98; MP restored: 15 A hound is nearby!
Unknown command.
The hound bites the plant but does no damage.
The hound bites the plant but does no damage. x2
The hound barks!
You hear a shout!
The hound bites you.
The hound barks!
You block the hound's attack.
You take 1 damage, and have 97/98 hp.
You scratch the hound but do no damage. The hound bites you but does no damage.
A hobgoblin and a gnoll come into view.
Health restored: 98 The gnoll shouts!
You scratch the hound. The hound bites you. x2
A kobold and a centaur come into view.
You take 4 damage, and have 94/98 hp.
You closely miss the hound.
The centaur moves out of view.
The hound barely misses you.
The hound barks!
You scratch the hound. You block the hound's attack. The hound bites you.
A gnoll comes into view. It is wielding a spear of venom.
You take 2 damage, and have 92/98 hp.
The gnoll shouts!
You claw the hound!
You kill the hound!
Makhleb accepts your kill.
The centaur zaps a wand.
The bolt of acid hits you! The acid corrodes you!
You are splashed with acid!
The acid burns!
It is a wand of acid (?/15).
The gnoll moves out of view.
The centaur wields a shortbow.
The centaur shoots an arrow.
The arrow closely misses you.
The arrow hits the plant but does no damage.
A hound comes into view.
You take 32 damage, and have 60/98 hp.
MASSIVE DAMAGE!!
The centaur zaps a wand.
The bolt of acid misses you.
The centaur drinks a potion.
The centaur seems to grow stronger.
The centaur unwields an uncursed shortbow.
You block the centaur's attack.
You scratch the centaur.
The centaur zaps a wand.
The bolt of acid hits you!
You are splashed with acid!
The acid burns!
The hound bites you.
* * * LOW HITPOINT WARNING * * *
The centaur zaps a wand.
The bolt of acid hits you!
* * * LOW HITPOINT WARNING * * *
The acid corrodes you!
You are splashed with acid!
The acid burns!
You die...

....#.........#.#.#)PPPP♣
..#
...###.#..###...#....♣PP♣
K# ##.....#..#
###..#..PPPPP# .#
..........# #.......♣###
..........# #........'.
..........# #........'.
..........#####........'.
.................c.....#
#.......#.######@#.hPP♣#
#.......#.# #h#..♣P♣
#.......# # #.#.PP♣♣ =.
...###### #....♣P♣#...
.### ##...PPPP#.$$ .#
#..#.....#h.. .#
#.##.....#h.. .#
#.#...PP♣#g. .# #.##...♣♣
$


You could see a centaur and a hound.

Vanquished Creatures
  The ghost of antares the Ruffian, an amateur DrTm (D:4)
  A steam dragon (D:7)
  2 insubstantial wisps (D:7)
  Duvessa (D:5)
  An orc warrior (D:3)
  2 ice beasts
  6 sky beasts
  3 centaurs
  3 ogres
  Blork the orc (D:6)
  5 bullfrogs
  Dowan (D:5)
  A water moccasin zombie (D:5)
  3 scorpions
  7 wights
  2 howler monkeys
  2 crimson imps
  5 hounds
  4 orc wizards
  A bullfrog zombie (D:5)
  A jelly (D:5)
  2 orc priests (D:5)
  A centaur skeleton (D:8)
  Jessica (D:2)
  An iguana (D:4)
  5 worker ants
  2 hound zombies
  Robin (D:2)
  7 gnolls
  4 river rats (D:6)
  13 adders
  3 shadow imps
  2 oozes
  2 worms
  3 dart slugs
  5 leopard geckos
  14 orcs
  7 ball pythons
  7 giant cockroaches
  12 goblins
  10 hobgoblins
  7 jackals
  5 kobolds
  3 quokkas
  11 bats
  14 frilled lizards
  A quokka zombie (D:5)
  12 rats
208 creatures vanquished.

Notes
Turn   | Place    | Note
-------+----------+-------------------------------------------
     0 | D:1      | Firecrotchwizard the Troll Monk began the quest for the Orb.
     0 | D:1      | Reached XP level 1. HP: 22/22 MP: 0/0
   164 | D:1      | Reached XP level 2. HP: 29/29 MP: 1/1
   403 | D:1      | Reached skill level 4 in Unarmed Combat
   602 | D:1      | Reached XP level 3. HP: 33/36 MP: 2/2
   827 | D:2      | Noticed Jessica
   835 | D:2      | Killed Jessica
  1011 | D:2      | Noticed Robin
  1035 | D:2      | Killed Robin
  1035 | D:2      | Reached skill level 5 in Unarmed Combat
  1035 | D:2      | Reached XP level 4. HP: 44/44 MP: 3/3
  1288 | D:2      | Found an opulent altar of Gozag.
  1289 | D:2      | Found a sparkling altar of Nemelex Xobeh.
  1345 | D:2      | Found an ancient bone altar of Kikubaaqudgha.
  1472 | D:2      | Found a glowing silver altar of Zin.
  1472 | D:2      | Found a burning altar of Makhleb.
  1473 | D:2      | Noticed a green death
  1473 | D:2      | Noticed an angel
  1516 | D:2      | Found a radiant altar of Vehumet.
  1517 | D:2      | Found a deep blue altar of Sif Muna.
  1523 | D:2      | Identified Sif Muna's Volume of Transformation
  2001 | D:2      | Became a worshipper of Makhleb the Destroyer
  2001 | D:2      | Reached * piety under Makhleb
  2001 | D:2      | Reached ** piety under Makhleb
  2224 | D:3      | Reached XP level 5. HP: 50/50 MP: 4/4
  2316 | D:3      | Reached skill level 6 in Unarmed Combat
  2574 | D:4      | Noticed an orc warrior
  2582 | D:3      | Killed an orc warrior
  2582 | D:3      | Reached skill level 7 in Unarmed Combat
  2582 | D:3      | Reached XP level 6. HP: 57/59 MP: 5/5
  2606 | D:4      | Noticed antares's ghost (amateur DrTm)
  2633 | D:4      | Killed antares's ghost
  2688 | D:4      | Reached skill level 8 in Unarmed Combat
  2688 | D:4      | Reached XP level 7. HP: 59/66 MP: 6/6
  2908 | D:4      | Found a hide-covered altar of Uskayaw.
  3001 | D:4      | Reached skill level 1 in Invocations
  3085 | D:4      | Found a sacrificial altar of Ru.
  3139 | D:4      | Reached skill level 1 in Shields
  3139 | D:4      | Reached skill level 2 in Invocations
  3410 | D:5      | Entered Level 5 of the Dungeon
  3559 | D:5      | Noticed Grinder
  3626 | D:5      | Reached *** piety under Makhleb
  3747 | D:5      | Reached skill level 3 in Fighting
  3835 | D:5      | Reached skill level 3 in Invocations
  3928 | D:5      | You fall through a shaft for 3 floors!
  4019 | D:8      | Found a blossoming altar of Fedhas.
  4079 | D:8      | Reached XP level 8. HP: 75/75 MP: 9/9
  4122 | D:8      | Reached skill level 2 in Shields
  4171 | D:6      | Reached skill level 4 in Invocations
  4235 | D:6      | Found a glowing drain.
  4257 | Sewer    | Entered a sewer
  4318 | Sewer    | Reached **** piety under Makhleb
  4516 | D:6      | Found a sparkling altar of Nemelex Xobeh.
  4530 | D:6      | Reached skill level 4 in Fighting
  4543 | D:6      | Noticed Blork the orc
  4574 | D:6      | Reached skill level 5 in Invocations
  4711 | D:6      | Reached skill level 3 in Shields
  4884 | D:6      | Killed Blork the orc
  4884 | D:6      | Reached XP level 9. HP: 85/85 MP: 12/12
  5033 | D:6      | Reached skill level 6 in Invocations
  5848 | D:5      | Noticed Dowan
  5891 | D:5      | Reached skill level 5 in Fighting
  5891 | D:5      | Reached skill level 4 in Shields
  6087 | D:5      | Reached ***** piety under Makhleb
  6720 | D:5      | Noticed Duvessa
  6735 | D:5      | Killed Duvessa
  6748 | D:5      | Killed Dowan
  6824 | D:7      | Found a staircase to the Ecumenical Temple.
  6856 | D:7      | Reached skill level 7 in Invocations
  7250 | D:7      | Reached skill level 8 in Invocations
  7250 | D:7      | Reached XP level 10. HP: 84/98 MP: 13/15
  7316 | D:7      | HP: 9/98 [centaur/wand of acid (?/15) (18)]
  7316 | D:7      | Splashed by a centaur's acid

Skill      XL: |  1  2  3  4  5  6  7  8  9 |
---------------+----------------------------+-----
Unarmed Combat | 4 5 7 8 |  8.0
Invocations    | 3 5 8 |  8.0
Shields        | 1 3 4 |  4.9
Fighting       | 3 4 5 |  5.8
Dodging        | |  2.4
Stealth        | |  1.0

Action                   |  1- 3 |  4- 6 |  7- 9 | 10-12 || total
-------------------------+-------+-------+-------+-------++-------
Melee: Unarmed           |    93 |   127 |   425 |     7 ||   652
       Punch             |     1 |     2 |       |       ||     3
  Use: Scroll            |       |       |     9 |       ||     9
 Stab: Sleeping          |     3 |     2 |     5 |       ||    10
       Distracted        |     1 |       |     1 |       ||     2
  Eat: Chunk             |    15 |    15 |    42 |     1 ||    73
Armor: Robe              |    53 |    50 |   110 |     1 ||   214
Dodge: Dodged            |    65 |    65 |    50 |     3 ||   183
Block: Large shield      |       |       |   215 |     3 ||   218

Vault maps used:
D:1:      onia_arrival_larder, minmay_split_cup_large
D:2:      grunt_temple_overflow_magic_moments, grunt_temple_overflow_opulence,
          grunt_temple_overflow_order_and_chaos_2, first_bread, uniq_jessica,
          uniq_robin
D:4:      eat_drink_and_be_merry_uskayaw, nicolae_ru_great_annihilating_truth,
          due_unseen_surprise
D:5:      kennysheep_generic_room_14, uniq_grinder, uniq_duvessa
D:6:      portal_sewer_entry_e, nemelex_xobeh_ov_fountains_minmay,
          uniq_blork_the_orc
D:7:      kennysheep_housing_project, minmay_temple_entry_glass,
          minmay_liquid_box, hangedman_misty_isle
D:8:      marbit_many_paths, chequers_temple_overflow_statue_of_worship,
          minmay_lair_entry_lava, blue_anna_alchemist
Sewer:    sewer_frog_island_01

Table legend:
 A = Turns spent in this place as a percentage of turns spent in the entire game.
 B = Non-inter-level travel turns spent in this place as a percentage of non-inter-level travel turns spent in the entire game.
 C = Inter-level travel turns spent in this place as a percentage of turns spent in this place.
 D = Turns resting spent in this place as a percentage of non-inter-level travel turns spent in this place.
 E = Turns spent auto-exploring this place as a percentage of non-inter-level travel turns spent in this place.
 F = Non-inter-level travel turns spent in this place divided by the number of levels of this place that you've seen.
                   A       B       C       D       E      F
               +-------+-------+-------+-------+-------+----------------------
         Total | 100.0 | 100.0 |   0.5 |   1.7 |  11.5 | 230.1
       Dungeon |  93.3 |  93.2 |   0.5 |   1.8 |  11.9 | 241.4
         Sewer |   6.7 |   6.8 |   0.0 |   0.0 |   5.7 | 140.0
               +-------+-------+-------+-------+-------+----------------------

Table legend:
 A = Kills in this place as a percentage of kills in entire the game.
 B = Kills by you in this place as a percentage of kills by you in the entire game.
 C = Kills by friends in this place as a percentage of kills by friends in the entire game.
 D = Other kills in this place as a percentage of other kills in the entire game.
 E = Experience gained in this place as a percentage of experience gained in the entire game.
 F = Experience gained in this place divided by the number of levels of this place that you have seen.
                   A       B       C       D       E      F
               +-------+-------+-------+-------+-------+----------------------
         Total | 100.0 | 100.0 |  -nan |  -nan | 100.0 | 631.2
       Dungeon |  89.9 |  89.9 |  -nan |  -nan |  95.6 | 678.6
         Sewer |  10.1 |  10.1 |  -nan |  -nan |   4.4 | 252.0
               +-------+-------+-------+-------+-------+----------------------
